 Dungeon Crawl Stone Soup version 0.26.0-10-g1f06aea511 (webtiles) character file.

Game seed: 9346245627292251673

106 raph the Gusty (level 4, -1/24 HPs)
             Began as a Tengu Air Elementalist on Jan 22, 2021.
             Killed from afar by an orc wizard (4 damage)
             ... with a puff of flame
             ... on level 3 of the Dungeon.
             The game lasted 00:05:46 (2799 turns).

raph the Gusty (Tengu Air Elementalist)             Turns: 2799, Time: 00:05:46

Health: -1/24      AC:  2    Str:  9    XL:     4   Next: 84%
Magic:  1/8        EV: 13    Int: 16    God:
Gold:   105        SH:  0    Dex: 14    Spells: 1/7 levels left

rFire    + . .     SeeInvis .   l - +4 dagger
rCold    . . .     Faith    .   (no shield)
rNeg     . . .     Spirit   .   a - +0 robe
rPois    .         Reflect  .   (helmet restricted)
rElec    .         Harm     .   (no cloak)
rCorr    .         Rampage  .   (no gloves)
Will     .....                  (boots unavailable)
Stlth    ++........             (no amulet)
HPRegen  0.08/turn              r - ring of protection from fire
MPRegen  0.11/turn              (no ring)

@: no status effects
A: beak, talons 3
a: no special abilities


You were on level 3 of the Dungeon.
You visited 1 branch of the dungeon, and saw 3 of its levels.

You collected 105 gold pieces.

Inventory:

Hand Weapons
 f - a +0 hand axe
 g - a +0 dagger
 j - a +1 dagger of holy wrath
 l - a +4 dagger (weapon)
Armour
 a - a +0 robe (worn)
Jewellery
 d - an uncursed ring of wizardry {unknown}
 r - a ring of protection from fire (left hand)
Scrolls
 b - 5 scrolls of identify {unknown}
 e - a scroll of blinking {unknown}
 h - 4 scrolls of fog {unknown}
 n - a scroll of remove curse {unknown}
 o - 2 scrolls of teleportation {unknown}
Potions
 c - a potion of ambrosia {unknown}
 i - a potion of heal wounds {unknown}
 k - 2 potions of degeneration {unknown}
 m - a potion of curing {unknown}
 p - a potion of attraction {unknown}
 q - a potion of haste {unknown}


   Skills:
 + Level 2.9 Dodging
 + Level 2.6 Stealth
 + Level 2.4 Spellcasting
 * Level 3.1 Conjurations
 * Level 5.1 Air Magic


You had one spell level left.
You knew the following spells:

 Your Spells              Type           Power        Failure   Level
a - Shock                 Conj/Air       60%          3%          1
b - Swiftness             Air            18%          3%          2
c - Static Discharge      Conj/Air       15%          11%         3

Your spell library contained the following spells:

 Spells                   Type           Power        Failure   Level
 Airstrike                Air            9%           24%         4
 Lightning Bolt           Conj/Air       7%           69%         5


Dungeon Overview and Level Annotations

Branches:
Dungeon (3/15)

Altars:


Innate Abilities, Weirdness & Mutations

You have a beak for a mouth.
You have claws for feet.


Message History

The orc wizard gestures at you while chanting.
The puff of frost hits you.
* * * LOW HITPOINT WARNING * * *
The orc wizard misses you.
Casting: Shock (safe; 3% risk of failure)
Confirm with . or Enter, or press ? or * to list all spells.
You don't have enough magic to cast that spell.
Unknown command.
Casting: Shock (safe; 3% risk of failure)
Confirm with . or Enter, or press ? or * to list all spells.
Aiming: Shock (safe; 3% risk of failure)
Press: ? - help, Shift-Dir - straight line The zap misses the orc wizard.
The zap hits the orc wizard.
The orc wizard is almost dead.
The orc wizard misses you.
You hit the orc wizard.
You kill the orc wizard!
The orc wizard points at you and mumbles some strange words.
The puff of flame hits you. You resist.
You die...

#...#............. #.#
##............ ###.##
##..........# ....#
#..#######.#
#..###.###### #.#
####..##..##...# #†##
#o.o......##...###.##
......##.####.........<).
....# #@#######....##.##
.......).................
...#####.#######.........
..# #.........
(.#######...#.....
#........#...#..... ...#
#.....#..... #...
##...##.....
#.#####..#.....


You could see an orc wizard.

Vanquished Creatures
  An orc wizard (D:3)
  2 adders (D:2)
  3 oozes (D:1)
  A worm (D:3)
  2 leopard geckos (D:1)
  10 orcs (D:3)
  6 bats
  2 giant cockroaches
  4 goblins
  4 hobgoblins
  4 jackals
  3 quokkas
  5 frilled lizards
  3 kobolds
  14 rats
64 creatures vanquished.

Notes
Turn   | Place    | Note
-------+----------+-------------------------------------------
     0 | D:1      | raph the Tengu Air Elementalist began the quest for the
                  | Orb.
     0 | D:1      | Reached XP level 1. HP: 10/10 MP: 4/4
   258 | D:1      | Reached XP level 2. HP: 15/15 MP: 0/6
   559 | D:1      | Learned a level 2 spell: Swiftness
   716 | D:1      | Reached XP level 3. HP: 19/19 MP: 2/7
   720 | D:1      | Learned a level 3 spell: Static Discharge
  1712 | D:2      | Reached XP level 4. HP: 15/24 MP: 0/8
  2499 | D:3      | Reached skill level 5 in Air Magic
  2799 | D:3      | Killed from afar by an orc wizard

Illustrated notes

Levels and vault maps discovered:
D:1:      psy_arrival_statuary, layout_loops_corners, serial_forest,
          infiniplex_forest_split, infiniplex_forest_lined_4_way,
          infiniplex_forest_3_way, infiniplex_forest_lined_room_,
          infiniplex_forest_clump_double, infiniplex_forest_lined_room_2,
          infiniplex_forest_fountain, infiniplex_forest_lined_4_way,
          infiniplex_forest_join, minmay_liquid_box, minmay_cut_off
D:2:      layout_rooms, minivault_27
D:3:      layout_rooms

Skill      XL: |  1  2  3  4 |
---------------+-------------+-----
Conjurations   | 2 3 |  3.1
Air Magic      | 5 |  5.1
Dodging        | |  2.9
Stealth        | |  2.6
Spellcasting   | |  2.4

Action                   |  1- 3 |  4- 6 || total
-------------------------+-------+-------++-------
Melee: Unarmed           |     4 |       ||     4
       Kick              |     2 |     6 ||     8
       Peck              |     2 |     4 ||     6
       Dagger            |     4 |    18 ||    22
 Cast: Shock             |    69 |    45 ||   114
       Static Discharge  |       |     5 ||     5
 Stab: Sleeping          |       |     1 ||     1
Armor: Robe              |     4 |     3 ||     7
Dodge: Dodged            |     9 |    12 ||    21
